 Dungeon Crawl Stone Soup version 0.25-a0-663-gace7076f2c (webtiles) character file.

Game seed: 4237876040723593108, levelgen mode: deterministic

19 Esekla the Stinger (level 2, 0/18 HPs)
             Began as an Octopode Venom Mage on Mar 26, 2020.
             Shot with an arrow by a centaur (16 damage)
             ... on level 6 of the Dungeon.
             The game lasted 00:08:01 (1365 turns).

Esekla the Stinger (Octopode Venom Mage)            Turns: 1365, Time: 00:08:01

Health: 0/18       AC:  1    Str:  7    XL:     2   Next: 75%
Magic:  5/5        EV: 13    Int: 17    God:
Gold:   82         SH:  0    Dex: 12    Spells: 2/5 levels left

rFire    . . .     SeeInvis .   j - +0 short sword
rCold    . . .     Gourm    .   (no shield)
rNeg     . . .     Faith    .   (helmet restricted)
rPois    .         Spirit   .   (no amulet)
rElec    .         Reflect  .   (no ring)
rCorr    .         Harm     .   (no ring)
MR       .....                  (no ring)
Stlth    +++.......             (no ring)
HPRegen  0.06/turn              (no ring)
MPRegen  0.09/turn              (no ring)
                                (no ring)
                                (no ring)

@: no status effects
A: almost no armour, stealthy swim, amphibious, 8 rings, constrict 8, camouflage
1, gelatinous body 1
a: no special abilities


You were on level 6 of the Dungeon.
You were not hungry.

You visited 1 branch of the dungeon, and saw 4 of its levels.

You collected 82 gold pieces.

Inventory:

Hand Weapons
 j - a +0 short sword (weapon)
Missiles
 a - 25 poisoned darts (quivered)
Scrolls
 c - a scroll of enchant weapon {unknown}
 e - a scroll of fear {unknown}
 i - a scroll of teleportation {unknown}
Potions
 f - a potion of flight
 g - 2 potions of curing
 l - a potion of stabbing
Comestibles
 b - 3 rations
 h - 2 chunks of flesh


   Skills:
 * Level 0.4 Fighting
 * Level 2.2 Dodging
 + Level 2.8 Stealth
 * Level 2.3 Spellcasting
 - Level 1.0 Transmutations
 * Level 0.3 Air Magic
 + Level 3.9 Poison Magic


You had 2 spell levels left.
You knew the following spells:

 Your Spells              Type           Power        Failure   Level  Hunger
a - Sting                 Tmut/Pois      ##..         7%          1    #......
b - Poisonous Vapours     Pois/Air       #.....       12%         2    ##.....

Your spell library contained the following spells:

 Spells                   Type           Power        Failure   Level  Hunger
 Ignite Poison            Fire/Tmut/Pois #.......     28%         3    ###....
 Mephitic Cloud           Conj/Pois/Air  #.......     30%         3    ###....
 Olgreb's Toxic Radiance  Pois           ###.....     36%         4    #####..


Dungeon Overview and Level Annotations

Branches:
Dungeon (3/15)

Altars:


Innate Abilities, Weirdness & Mutations

You cannot wear most types of armour.
You are very stealthy in the water. (Stealth+)
You are amphibious.
You can wear up to eight rings at the same time.
You can use your tentacles to constrict eight enemies at once.
Your skin changes colour to match your surroundings (Stealth+).
Your rubbery body absorbs attacks. (AC +1, EV +1)


Message History

k - a twisted zirconium amulet You see here a ball python skeleton.
l - a brown potion You see here 12 stones.
d - 2 scrolls of identify (gained 1)
Okay, then.
As you read the scroll of identify, it crumbles to dust.
l - a potion of stabbing
As you read the scroll of identify, it crumbles to dust.
k - an uncursed amulet of rage Drop what? 11/52 slots (_ for help) (? for menu, Esc to quit)
You drop an uncursed amulet of rage. 2 centaurs come into view.
The centaur shouts!
The centaur moves out of view.
Found 16 gold pieces and a steel ring.
The centaur wields a +0 shortbow.
The centaur shoots an arrow.
The arrow hits you!
Ouch! That really hurt!
You die...

######### =c......#
.c.###.####
#.....@..#
#..##.##.# ....
....#.#####
..##.##..#.....## .
#.##..#.###."##
.###.............##
.........###..PP..#
+#######(#
#..PP..##
#####.####..♣...#


You could see a centaur.

Vanquished Creatures
  2 dart slugs (D:1)
  A ball python (D:6)
  A giant cockroach (D:1)
  2 hobgoblins (D:1)
  2 kobolds (D:1)
  A bat (D:1)
  3 frilled lizards (D:1)
  2 goblins (D:1)
  2 rats
16 creatures vanquished.

Notes
Turn   | Place    | Note
-------+----------+-------------------------------------------
     0 | D:1      | Esekla the Octopode Venom Mage began the quest for the Orb.
     0 | D:1      | Reached XP level 1. HP: 11/11 MP: 3/3
   129 | D:1      | Reached XP level 2. HP: 13/17 MP: 5/5
   138 | D:1      | Learned a level 2 spell: Poisonous Vapours
  1310 | D:3      | You fall into a shaft and drop 3 floors!
  1364 | D:6      | Noticed a centaur
  1364 | D:6      | Noticed a centaur
  1365 | D:6      | Shot with an arrow by a centaur

Levels and vault maps discovered:
D:1:      nzn_arrival_water_spiral, layout_basic
D:2:      layout_loops_cross, first_ration
D:3:      layout_loops_ring, amethyst_overflow_temple_binary, uniq_sigmund,
          uniq_terence
D:6:      layout_loops_corners, tgw_trog, grunt_ministairs_15,
          serial_park_tiny_2

Action                   || total
-------------------------++-------
Melee: Unarmed           ||    14
       Constrict         ||     6
       Tentacles         ||     3
       Dagger            ||     5
       Short sword       ||     5
 Cast: Sting             ||     4
       Poisonous Vapours ||     6
  Use: Scroll            ||     4
  Eat: Chunk             ||     2
Armor: Skin              ||     2
Dodge: Dodged            ||    17

Table legend:
 A = Non-vault XP
 B = Vault XP
 C = Vault XP percentage of total XP
 D = Non-vault monster count
 E = Vault monster count
 F = Vault count percentage of total count
                 A         B        C        D         E       F
            +---------+---------+-------+---------+---------+-------
      Total |      28 |       0 |   0.0 |      16 |       0 |   0.0
            +---------+---------+-------+---------+---------+-------
        D:1 |      25 |       0 |   0.0 |      14 |       0 |   0.0
        D:2 |       1 |       0 |   0.0 |       1 |       0 |   0.0
        D:6 |       2 |       0 |   0.0 |       1 |       0 |   0.0
            +---------+---------+-------+---------+---------+-------
